 Dungeon Crawl Stone Soup version 0.21.1-1-g345015f (webtiles) character file.

186 tidbits the Sneak (level 5, 43/43 HPs)
             Began as a Gnoll Assassin on Mar 30, 2018.
             Was a Follower of Makhleb.
             Quit the game on level 2 of the Dungeon.
             The game lasted 00:04:28 (616 turns).

tidbits the Sneak (Gnoll Assassin)                   Turns: 616, Time: 00:04:28

Health: 43/43      AC:  3    Str: 13    XL:     5   Next: 65%
Magic:  7/7        EV: 13    Int: 14    God:    Makhleb [*.....]
Gold:   66         SH:  4    Dex: 17    Spells: 7/7 levels left

rFire    . . .     SeeInvis .   a - +2 dagger
rCold    . . .     Gourm    .   D - +0 buckler
rNeg     . . .     Faith    .   c - +0 robe
rPois    .         Spirit   .   (no helmet)
rElec    .         Reflect  .   d - +0 cloak
rCorr    .         Harm     .   (no gloves)
MR       .....                  (no boots)
Stlth    ++++......             (no amulet)
HPRegen  0.14/turn              (no ring)
MPRegen  0.10/turn              (no ring)

@: no status effects
A: distributed training, fangs 1, strong nose
a: Renounce Religion


You were on level 2 of the Dungeon.
You worshipped Makhleb.
Makhleb was aware of your devotion.
You were not hungry.

You visited 1 branch of the dungeon, and saw 2 of its levels.

You collected 66 gold pieces.

Inventory:

Hand Weapons
 a - a +2 dagger (weapon)
 b - a +0 blowgun
 j - a +1 whip of draining
   (You found it on level 1 of the Dungeon)
Missiles
 e - 8 poisoned needles
 f - a curare-tipped needle
Armour
 c - a +0 robe (worn)
 d - a +0 cloak (worn)
 D - a +0 buckler (worn)
Scrolls
 h - a scroll of remove curse {unknown}
 i - a scroll of teleportation {unknown}
 k - a scroll of amnesia {unknown}
Comestibles
 g - 3 rations


   Skills:
 + Level 4.8 Fighting
 + Level 4.8 Short Blades
 + Level 1.5 Long Blades
 + Level 1.5 Axes
 + Level 1.5 Maces & Flails
 + Level 1.5 Polearms
 + Level 1.5 Staves
 + Level 1.5 Slings
 + Level 1.5 Bows
 + Level 1.5 Crossbows
 + Level 4.8 Throwing
 + Level 1.5 Armour
 + Level 3.0 Dodging
 + Level 7.9 Stealth
 + Level 1.5 Shields
 + Level 1.5 Unarmed Combat
 + Level 1.5 Spellcasting
 + Level 1.2 Conjurations
 + Level 1.2 Hexes
 + Level 1.2 Charms
 + Level 1.2 Summonings
 + Level 1.2 Necromancy
 + Level 1.2 Translocations
 + Level 1.2 Transmutations
 + Level 1.2 Fire Magic
 + Level 1.2 Ice Magic
 + Level 1.2 Air Magic
 + Level 1.2 Earth Magic
 + Level 1.2 Poison Magic
 + Level 1.7 Invocations
 + Level 1.5 Evocations


You had 7 spell levels left.
You didn't know any spells.

Dungeon Overview and Level Annotations

Branches:
Dungeon (2/15)

Altars:
Makhleb


Innate Abilities, Weirdness & Mutations

Your experience applies equally to all skills.
You have very sharp teeth.
Your uncanny sense of smell can sniff out nearby items.


Message History

You block the hobgoblin's attack.
You hit the hobgoblin.
You kill the hobgoblin!
The frilled lizard bites you.
You see here a hobgoblin corpse.
You miss the frilled lizard.
The frilled lizard unfolds its giant frill.
The frilled lizard bites you.
You hit the frilled lizard.
You kill the frilled lizard!
A rat comes into view.
Found 11 gold pieces.
Found an escape hatch in the ceiling.
You see here 11 gold pieces.
You now have 66 gold pieces (gained 11).
A goblin comes into view.
The goblin shouts!
You see here 4 gold pieces.
The helpless adder fails to defend itself.
You stick the adder like a pincushion!!!
You kill the adder!
An adder comes into view.
The helpless adder fails to defend itself.
You spit the adder like a pig!!!
You kill the adder!
Your Dodging skill increases to level 3!
Unknown command.
You barely miss the rat. The rat bites you but does no damage.
You see here an adder corpse.
You hit the goblin. You bite the goblin, but do no damage.
The goblin is heavily wounded.
You block the goblin's attack.
You hit the goblin.
You kill the goblin!
You hit the rat.
You kill the rat!
Things that are here:
a rat corpse; a goblin corpse You see here an adder corpse.
You see here a scroll labeled MITOOL RAEQOS.
k - a scroll labeled MITOOL RAEQOS A frilled lizard comes into view.
An adder comes into view.
A howler monkey zombie comes into view.
The helpless adder fails to defend itself.
You perforate the adder like a sieve!!!
You kill the adder!
You hit the howler monkey zombie.
The howler monkey zombie is lightly damaged.
The howler monkey zombie hits you.
You barely miss the howler monkey zombie.
The howler monkey zombie is lightly damaged.
The howler monkey zombie misses you.
You hit the howler monkey zombie.
The howler monkey zombie is lightly damaged.
The howler monkey zombie hits you but does no damage.
You barely miss the howler monkey zombie.
The howler monkey zombie is lightly damaged.
You hit the howler monkey zombie.
The howler monkey zombie is moderately damaged.
You block the howler monkey zombie's attack.
You hit the howler monkey zombie.
The howler monkey zombie is moderately damaged.
The howler monkey zombie hits you.
You hit the howler monkey zombie.
The howler monkey zombie is heavily damaged.
The howler monkey zombie closely misses you.
You hit the howler monkey zombie.
The howler monkey zombie is heavily damaged.
You hit the howler monkey zombie.
The howler monkey zombie is severely damaged.
The howler monkey zombie barely misses you.
You hit the howler monkey zombie.
The howler monkey zombie is severely damaged.
The howler monkey zombie closely misses you.
You hit the howler monkey zombie.
The howler monkey zombie is almost destroyed.
The howler monkey zombie hits you.
You hit the howler monkey zombie.
You destroy the howler monkey zombie!
You see here an adder corpse.
You see here an adder corpse.
There is a stone staircase leading up here.
A frilled lizard comes into view.
Found a leather armour.
You see here a leather armour.
The helpless frilled lizard fails to defend itself.
You skewer the frilled lizard like a kebab!!!
You kill the frilled lizard!
A leopard gecko comes into view.
You catch the helpless leopard gecko completely off-guard!
You impale the leopard gecko!!
You kill the leopard gecko!
Found a faded altar of an unknown god.
There is a faded altar of an unknown god here.
You cannot tell which god this altar belongs to.
Convert to them anyway?
Makhleb accepts your prayer! Makhleb welcomes you!
You can now gain health from killing.
Are you sure you want to abandon this character and quit the game? (Confirm with "yes".)

..#.# #####.<####..# #..###.####
#.#.# #..†.....####..###.# #
#[#.# #.#####.#.<........# #
#.#.# #.#####..#.##...##.####
#.#.#######.......###............
............#####..#.##...##.....
#.########..# ###.### #.####.####
### #.####.###.###.####.# #
#...#.#@# #.........####
####.###.#####.......... ### ##
###########


There were no monsters in sight!

Vanquished Creatures
  An ogre (D:2)
  A hound (D:2)
  A howler monkey zombie (D:2)
  4 adders (D:2)
  A worm (D:2)
  2 leopard geckos
  2 bats (D:2)
  2 giant cockroaches
  A goblin (D:2)
  5 hobgoblins
  A kobold (D:2)
  4 frilled lizards (D:2)
  2 rats
27 creatures vanquished.

Notes
Turn   | Place    | Note
-------+----------+-------------------------------------------
     0 | D:1      | tidbits the Gnoll Assassin began the quest for the Orb.
     0 | D:1      | Reached XP level 1. HP: 20/20 MP: 1/1
   247 | D:2      | Noticed a hound
   249 | D:2      | Reached XP level 2. HP: 26/26 MP: 2/2
   259 | D:2      | Reached XP level 3. HP: 18/31 MP: 2/4
   271 | D:2      | Reached skill level 1 in Invocations
   273 | D:2      | Noticed an ogre
   276 | D:2      | Killed an ogre
   276 | D:2      | Reached skill level 1 in Long Blades
   276 | D:2      | Reached skill level 1 in Axes
   276 | D:2      | Reached skill level 1 in Maces & Flails
   276 | D:2      | Reached skill level 1 in Polearms
   276 | D:2      | Reached skill level 1 in Staves
   276 | D:2      | Reached skill level 1 in Slings
   276 | D:2      | Reached skill level 1 in Bows
   276 | D:2      | Reached skill level 1 in Crossbows
   276 | D:2      | Reached skill level 1 in Armour
   276 | D:2      | Reached skill level 1 in Shields
   276 | D:2      | Reached skill level 1 in Unarmed Combat
   276 | D:2      | Reached skill level 1 in Spellcasting
   276 | D:2      | Reached skill level 1 in Conjurations
   276 | D:2      | Reached skill level 1 in Hexes
   276 | D:2      | Reached skill level 1 in Charms
   276 | D:2      | Reached skill level 1 in Summonings
   276 | D:2      | Reached skill level 1 in Necromancy
   276 | D:2      | Reached skill level 1 in Translocations
   276 | D:2      | Reached skill level 1 in Transmutations
   276 | D:2      | Reached skill level 1 in Fire Magic
   276 | D:2      | Reached skill level 1 in Ice Magic
   276 | D:2      | Reached skill level 1 in Air Magic
   276 | D:2      | Reached skill level 1 in Earth Magic
   276 | D:2      | Reached skill level 1 in Poison Magic
   276 | D:2      | Reached skill level 1 in Evocations
   276 | D:2      | Reached XP level 4. HP: 24/38 MP: 3/5
   276 | D:2      | Reached XP level 5. HP: 28/43 MP: 3/6
   463 | D:2      | Reached skill level 3 in Dodging
   613 | D:2      | Found a faded altar of an unknown god.
   615 | D:2      | Became a worshipper of Makhleb the Destroyer
   615 | D:2      | Reached * piety under Makhleb
   616 | D:2      | Quit the game

Skill      XL: |  1  2  3  4  5 |
---------------+----------------+-----
Invocations    | 1 |  1.7
Long Blades    | 1 |  1.5
Axes           | 1 |  1.5
Maces & Flails | 1 |  1.5
Polearms       | 1 |  1.5
Staves         | 1 |  1.5
Slings         | 1 |  1.5
Bows           | 1 |  1.5
Crossbows      | 1 |  1.5
Armour         | 1 |  1.5
Shields        | 1 |  1.5
Unarmed Combat | 1 |  1.5
Spellcasting   | 1 |  1.5
Conjurations   | 1 |  1.2
Hexes          | 1 |  1.2
Charms         | 1 |  1.2
Summonings     | 1 |  1.2
Necromancy     | 1 |  1.2
Translocations | 1 |  1.2
Transmutations | 1 |  1.2
Fire Magic     | 1 |  1.2
Ice Magic      | 1 |  1.2
Air Magic      | 1 |  1.2
Earth Magic    | 1 |  1.2
Poison Magic   | 1 |  1.2
Evocations     | 1 |  1.5
Dodging        | 3 |  3.0
Fighting       | |  4.8
Short Blades   | |  4.8
Throwing       | |  4.8
Stealth        | |  7.9

Action                   |  1- 3 |  4- 6 || total
-------------------------+-------+-------++-------
Melee: Dagger            |    18 |    46 ||    64
       Bite              |     1 |     1 ||     2
 Fire: Blowgun           |     2 |       ||     2
 Stab: Sleeping          |     5 |     8 ||    13
       Distracted        |       |     1 ||     1
Armor: Robe              |       |     2 ||     2
Dodge: Dodged            |     6 |    12 ||    18
Block: Buckler           |       |     3 ||     3

Table legend:
 A = Turns spent in this place as a percentage of turns spent in the entire game.
 B = Non-inter-level travel turns spent in this place as a percentage of non-inter-level travel turns spent in the entire game.
 C = Inter-level travel turns spent in this place as a percentage of turns spent in this place.
 D = Turns resting spent in this place as a percentage of non-inter-level travel turns spent in this place.
 E = Turns spent auto-exploring this place as a percentage of non-inter-level travel turns spent in this place.
 F = Non-inter-level travel turns spent in this place divided by the number of levels of this place that you've seen.
                   A       B       C       D       E      F
               +-------+-------+-------+-------+-------+----------------------
         Total | 100.0 | 100.0 |   0.0 |   0.0 |   0.0 | 308.0
       Dungeon | 100.0 | 100.0 |   0.0 |   0.0 |   0.0 | 308.0
               +-------+-------+-------+-------+-------+----------------------

Table legend:
 A = Kills in this place as a percentage of kills in entire the game.
 B = Kills by you in this place as a percentage of kills by you in the entire game.
 C = Kills by friends in this place as a percentage of kills by friends in the entire game.
 D = Other kills in this place as a percentage of other kills in the entire game.
 E = Experience gained in this place as a percentage of experience gained in the entire game.
 F = Experience gained in this place divided by the number of levels of this place that you have seen.
                   A       B       C       D       E      F
               +-------+-------+-------+-------+-------+----------------------
         Total | 100.0 | 100.0 |   N/A |   N/A | 100.0 | 133.0
       Dungeon | 100.0 | 100.0 |   N/A |   N/A | 100.0 | 133.0
               +-------+-------+-------+-------+-------+----------------------

Vault maps used:
D:1:      dpeg_arrival_three_smaller_balls
D:2:      chequers_ecumenical_altar_twisty
